 Dungeon Crawl Stone Soup version 0.19-a0-1827-g174f941 (webtiles) character file.

11 PurpleRed the Conjurer (level 2, -3/15 HPs)
             Began as a Kobold Conjurer on Oct 7, 2016.
             Hit by a tomahawk thrown by an orc (5 damage)
             ... on level 2 of the Dungeon.
             The game lasted 00:02:00 (328 turns).

PurpleRed the Conjurer (Kobold Conjurer)             Turns: 328, Time: 00:02:01

Health: -3/15      AC:  2    Str:  5    XL:     2   Next: 35%
Magic:  5/5        EV: 15    Int: 16    God:
Gold:   30         SH:  0    Dex: 15    Spells: 2 memorised, 3 levels left

rFire  . . .     SeeInvis .     e - +0 short sword
rCold  . . .     Gourm    .     a - +0 robe
rNeg   . . .     Faith    .     (shield restricted)
rPois  .         Spirit   .     (no helmet)
rElec  .         Dismiss  .     (no cloak)
rCorr  .         Reflect  .     (no gloves)
MR     .....     Harm     .     (no boots)
Stlth  ++........               (no amulet)
                                (no ring)
                                (no ring)

@: no status effects
A: carnivore 3
a: no special abilities


You were on level 2 of the Dungeon.
You were full.

You visited 1 branch of the dungeon, and saw 3 of its levels.

You collected 30 gold pieces.

Inventory:

Hand Weapons
 d - a +0 dagger
 e - a +0 short sword (weapon)
Missiles
 h - 16 poisoned needles
Armour
 a - a +0 robe (worn)
Scrolls
 g - a scroll of identify {unknown}
 i - a scroll of fear {unknown}
 j - 3 scrolls of remove curse {unknown}
Potions
 f - a potion of curing {unknown}
Books
 b - a book of Conjurations

   Spells                             Type                      Level
   a - Magic Dart                     Conjuration                  1
   b - Searing Ray                    Conjuration                  2
   c - Dazzling Spray                 Conjuration/Hexes            3
   d - Fulminant Prism                Conjuration/Hexes            4
   e - Iskenderun's Mystic Blast      Conjuration                  4
   f - Iskenderun's Battlesphere      Conjuration/Charms           5
Comestibles
 c - a meat ration


   Skills:
 - Level 2.4 Dodging
 - Level 2.6 Stealth
 + Level 2.7 Spellcasting
 + Level 4.2 Conjurations


You had 3 spell levels left.
You knew the following spells:

 Your Spells              Type           Power        Failure   Level  Hunger
a - Magic Dart            Conj           ###.         4%          1    #......
b - Searing Ray           Conj           ###...       8%          2    ##.....


Dungeon Overview and Level Annotations

Branches:
Dungeon (3/15)

Altars:


Innate Abilities, Weirdness & Mutations

You are small and have problems with some larger weapons.
You are carnivorous and can eat meat at any time.


Message History

The orc hits you with a war axe.
The orc shouts!
Found a whip.
There is a stone staircase leading up here.
The orc shouts! x2; You hear a bark!
The orc throws a tomahawk.
The tomahawk completely misses you.
The orc throws a tomahawk.
The tomahawk completely misses you. The orc misses you.
The orc hits you with a war axe!
Ouch! That really hurt!
* * * LOW HITPOINT WARNING * * *
The orc priest shouts!
You climb upwards.
There is a stone staircase leading down here.
The orc closely misses you. x2
The orc throws a tomahawk.
The tomahawk misses you.
The orc throws a tomahawk.
The tomahawk closely misses you.
The orc throws a tomahawk.
The tomahawk barely misses you.
You see here a tomahawk.
The orc throws a tomahawk.
The tomahawk hits you.
You die...

#################
#...............#
#.#############'#### ### #.#
#.......#.# ### ..#
#.##########.......#.# #.. #.#
#.##......##.......#.# #.. #.#
#.........+.....####.# #.. #.#
#.##o.....#####.## #.# #.. #.#
#>....o.(@(......# #.# #.. #.#
#.#.#########.##.###.###.. #.#
#...............).........
#'######.#.#########.#......#####
.........#.# .....#.####
......(..#.# .......#..
.........#.# .......##.#
.(.......#.# ....... ..
##########.# ....... ...


You could see 2 orcs.

Vanquished Creatures
  A leopard gecko (D:1)
  3 goblins
  A hobgoblin (D:2)
  A jackal (D:2)
  A kobold (D:2)
  2 rats (D:2)
9 creatures vanquished.

Notes
Turn   | Place    | Note
-------+----------+-------------------------------------------
     0 | D:1      | PurpleRed the Kobold Conjurer began the quest for the Orb.
     0 | D:1      | Reached XP level 1. HP: 10/10 MP: 3/3
   157 | D:2      | Reached XP level 2. HP: 5/15 MP: 0/5
   163 | D:2      | Learned a level 2 spell: Searing Ray
   328 | D:2      | Hit by a tomahawk thrown by an orc

Vault maps used:
D:1:      minmay_arrival_doors
D:2:      ecumenical_altar_2
D:3:      first_bread, roderic_nine_men_s_morris, minmay_misc_feat_columns,
          fountainhead, uniq_crazy_yiuf_cottage

Action                   || total
-------------------------++-------
Melee: Short sword       ||     9
 Cast: Magic Dart        ||    17
 Stab: Sleeping          ||     1
  Eat: Chunk             ||     3
Armor: Robe              ||     2
Dodge: Dodged            ||    19
